Map: [ESL] Data-C

Players

Nina

  • Race: Protoss Protoss
  • League: Master
  • Spawn Location: 9:00

HeroMarine - Winner!

  • Race: Terran Terran
  • League: Master
  • Spawn Location: 3:00

Event: HomeStory Cup XXII

VOD

Have the link to the VOD?

Description

Time

  • Played on: Dec. 16, 2022, 6:40 a.m.
  • Length: 8:10

All games in this series

Show
View Real Time Build Order
Export as new Build Order

Nina Protoss 

Build Orders: 1 Gate Expand, Blink Stalkers, Colossus Rush 

Get SALT Encoding   

  12  0:00  Probe  
  13  0:12  Probe  
  14  0:18  Pylon  
  14  0:24  Probe (Chrono Boost)  
  15  0:36  Probe (Chrono Boost)  
  15  0:38  Gateway  
  16  0:45  Probe (Chrono Boost)  
  16  0:47  Assimilator  
  17  0:51  Probe  
  18  1:03  Probe  
  19  1:15  Probe  
  20  1:26  Cybernetics Core  
  20  1:36  Nexus  
  20  1:41  Pylon  
  20  1:43  Probe  
  21  1:50  Assimilator  
  21  1:56  Probe  
  22  2:01  Stalker (Chrono Boost)  
  22  2:08  Probe (Chrono Boost)  
  24  2:10  Warp Gate  
  24  2:17  Probe (Chrono Boost)  
  24  2:22  Probe (Chrono Boost)  
  25  2:23  Adept  
  28  2:34  Probe  
  29  2:40  Twilight Council  
  29  2:48  Probe (Chrono Boost)  
  29  2:50  Probe (Chrono Boost)  
  31  2:54  Stalker  
  34  2:59  Probe (Chrono Boost)  
  34  3:02  Shield Battery, Probe (Chrono Boost)  
  34  3:04  Probe (Chrono Boost)  
  36  3:10  Probe  
  37  3:14  Blink (Chrono Boost)  
  38  3:22  Probe  
  38  3:23  Gateway  
  38  3:25  Probe  
  39  3:34  Probe  
  39  3:37  Probe  
  39  3:39  Robotics Facility  
  41  3:47  Probe  
  42  3:49  Probe  
  43  3:59  Stalker, Pylon  
  43  4:01  Probe (Chrono Boost)  
  45  4:03  Probe (Chrono Boost)  
  45  4:04  Assimilator  
  45  4:05  Assimilator  
  46  4:10  Probe (Chrono Boost)  
  46  4:15  Probe (Chrono Boost), Pylon  
  46  4:17  Probe  
  46  4:22  Stalker  
  46  4:23  Stalker  
  52  4:27  Probe  
  52  4:29  Probe  
  52  4:41  Robotics Bay  
  52  4:47  Probe  
  52  4:48  Nexus  
  52  4:50  Probe  
  54  4:54  Observer (Chrono Boost)  
  54  4:59  Probe  
  56  5:01  Pylon  
  56  5:02  Probe  
  56  5:03  Stalker  
  59  5:09  Observer  
  59  5:12  Probe  
  59  5:13  Pylon  
  61  5:16  Probe  
  62  5:25  Stalker  
  64  5:32  Probe  
  64  5:34  Observer (Chrono Boost)  
  65  5:35  Probe  
  65  5:45  Probe  
  65  5:49  Shield Battery, Probe  
  67  5:50  Colossus (Chrono Boost)  
  67  5:57  Zealot x2, Probe  
  73  5:58  Charge (Chrono Boost)  
  73  6:00  Probe  
  73  6:02  Observer  
  78  6:05  Observer  
  78  6:06  Gateway  
  78  6:09  Gateway  
  78  6:10  Extended Thermal Lance  
  78  6:17  Gateway  
  78  6:19  Probe  
  78  6:20  Probe  
  78  6:25  Probe  
  81  6:30  Sentry  
  81  6:31  Forge  
  81  6:32  Probe, Gateway  
  84  6:35  Colossus (Chrono Boost)  
  90  6:41  Probe (Chrono Boost)  
  90  6:43  Probe (Chrono Boost)  
  90  6:45  Pylon  
  93  6:48  Probe (Chrono Boost), Pylon  
  93  6:57  Pylon  
  93  7:00  Pylon  
  93  7:02  Probe  
  93  7:03  Probe x2  
  93  7:05  Zealot x2  
  93  7:07  Zealot x2  
  103  7:14  Gateway  
  103  7:15  Zealot  
  95  7:26  Zealot x3  
  95  7:27  Zealot x2  
  95  7:28  Disruptor  
  102  7:39  Zealot  
  102  7:41  Zealot  
  106  7:48  Pylon  
  106  7:49  Pylon  
  106  7:51  Pylon  
  106  7:52  Nexus  
  100  8:00  Zealot x3  
Show
View Real Time Build Order
Export as new Build Order

HeroMarine Terran - Winner!

Build Orders:  

Get SALT Encoding   

  12  0:00  SCV  
  13  0:12  SCV  
  14  0:17  Supply Depot  
  14  0:24  SCV  
  15  0:38  SCV  
  15  0:39  Barracks  
  16  0:43  Refinery  
  16  0:50  SCV  
  16  0:54  Refinery  
  17  1:02  SCV  
  18  1:14  SCV  
  19  1:24  Supply Depot  
  19  1:26  Reaper  
  19  1:28  Orbital Command  
  20  1:42  Factory  
  20  1:54  SCV  
  21  1:58  Reaper  
  22  2:06  SCV  
  23  2:18  Command Center  
  23  2:20  SCV  
  24  2:25  Hellion  
  26  2:31  Barracks Reactor  
  26  2:32  SCV  
  27  2:41  Starport  
  27  2:44  SCV  
  27  2:49  Supply Depot  
  28  2:54  Widow Mine  
  28  2:56  SCV  
  31  3:10  SCV, Marine x2  
  34  3:17  Medivac  
  34  3:19  Widow Mine  
  38  3:23  SCV  
  39  3:29  Marine x2  
  39  3:32  Orbital Command  
  41  3:35  SCV  
  41  3:41  Factory Tech Lab  
  42  3:44  Refinery  
  42  3:47  SCV  
  43  3:51  Starport Tech Lab  
  43  3:52  Marine x2  
  45  3:58  SCV  
  45  3:59  SCV  
  45  4:02  Supply Depot  
  47  4:04  Siege Tank  
  50  4:10  SCV  
  50  4:14  Raven  
  50  4:16  Marine  
  54  4:23  SCV x2, Marine  
  57  4:34  Marine  
  57  4:36  Barracks  
  60  4:41  Marine  
  60  4:42  Siege Tank  
  60  4:43  Supply Depot  
  62  4:46  Engineering Bay  
  62  4:52  Barracks  
  62  4:57  Supply Depot  
  62  5:04  Marine x2  
  62  5:05  SCV x2  
  66  5:12  Terran Infantry Weapons Level 1  
  69  5:14  Siege Tank  
  69  5:15  Supply Depot  
  69  5:17  SCV x2  
  69  5:26  Marine x2  
  71  5:29  SCV x2  
  71  5:34  Stimpack, Marauder  
  73  5:41  SCV x2  
  73  5:42  Starport Reactor  
  73  5:44  Marine  
  73  5:46  Supply Depot, Refinery  
  72  5:52  Combat Shield, Factory Reactor, Marauder  
  72  5:53  SCV x2  
  72  5:56  Marauder  
  78  5:59  Supply Depot  
  78  6:05  SCV  
  78  6:07  Marine x2  
  78  6:08  Supply Depot  
  78  6:10  SCV  
  82  6:13  Marauder  
  82  6:17  SCV, Marauder  
  87  6:23  Medivac x2  
  87  6:25  Marine x2  
  93  6:27  Supply Depot  
  93  6:30  Widow Mine x2  
  99  6:35  Marauder  
  99  6:38  Marauder  
  101  6:46  Command Center, Marine x2  
  103  6:55  SCV x2  
  103  6:58  Marauder  
  103  7:00  Medivac x2, Marauder  
  113  7:09  Supply Depot  
  113  7:10  SCV x2  
  113  7:11  Concussive Shells  
  115  7:22  Marauder x2  
  113  7:24  SCV  
  113  7:25  SCV  
  113  7:28  Widow Mine, Marine  
  113  7:29  Widow Mine  
  118  7:31  Marine  
  119  7:40  SCV x2  
  119  7:43  Marauder x2  
  125  7:46  Marine  
  125  7:48  Marine  
  131  7:52  SCV x2  
Tags
 
Add a new tag
Caveats
  • Supply blocks, unpowered buildings, or Contaminate may cause inaccurate times.
  • Supply counts are checked every 10 seconds.